 Dungeon Sprint DCSS version 0.24.1-14-gf8d2b509d9 (webtiles) character file.

Game seed: 8965776397067417910, levelgen mode: deterministic

71 Baz the Gusty (level 4, -6/30 HPs)
             Began as a Barachi Air Elementalist on Oct 2, 2020.
             Mangled by a water elemental (19 damage)
             ... in the Dungeon (Sprint III: "The Ten Rune Challenge").
             The game lasted 00:02:38 (484 turns).

Baz the Gusty (Barachi Air Elementalist)             Turns: 484, Time: 00:02:39

Health: -6/30      AC:  4    Str:  9    XL:     4   Next: 24%
Magic:  1/10       EV: 13    Int: 16    God:
Gold:   17         SH:  0    Dex: 15    Spells: 7/11 levels left

rFire    . . .     SeeInvis .   (no weapon)
rCold    . . .     Gourm    .   (no shield)
rNeg     . . .     Faith    .   a - +0 robe
rPois    .         Spirit   .   (no helmet)
rElec    .         Reflect  .   (no cloak)
rCorr    .         Harm     .   (no gloves)
MR       .....     NoTele   +   (no boots)
Stlth    ++........             (no amulet)
HPRegen  0.10/turn              (no ring)
MPRegen  0.12/turn              (no ring)

@: engulfed, can't hop, hasted, very quick
A: +LOS, swims, slimy green scales 1, thin skeletal structure 1, sense
surroundings 1, slowness 1, strong legs 1
a: Hop


You were in the Dungeon.
You were not hungry.

You visited 1 branch You collected 17 gold pieces.

Inventory:

Armour
 a - a +0 robe (worn)
Jewellery
 b - an uncursed ring of resist corrosion {unknown}
Scrolls
 i - a scroll of blinking
 j - 2 scrolls of immolation {unknown}
 k - a scroll of remove curse {unknown}
 l - a scroll of random uselessness {unknown}
 n - a scroll of identify
 o - a scroll of magic mapping {unknown}
Potions
 d - a potion of curing
 e - 2 potions of mutation
 g - a potion of magic
 h - a potion of berserk rage
 m - a potion of invisibility {unknown}
 p - a potion of might {unknown}
Comestibles
 c - 3 rations


   Skills:
 - Level 2.1 Dodging
 - Level 1.7 Stealth
 + Level 4.1 Spellcasting
 * Level 5.4 Conjurations
 * Level 6.4 Air Magic


You had 7 spell levels left.
You knew the following spells:

 Your Spells              Type           Power        Failure   Level  Hunger
a - Shock                 Conj/Air       ###.         1%          1    None
b - Static Discharge      Conj/Air       ###.....     4%          3    ###....

Your spell library contained the following spells:

 Spells                   Type           Power        Failure   Level  Hunger
 Swiftness                Chrm/Air       ##......     7%          2    ##.....
 Airstrike                Air            ###.......   12%         4    ####...
 Lightning Bolt           Conj/Air       ###.......   38%         5    ######.


Dungeon Overview and Level Annotations

Branches:
Dungeon (1/1)

Altars:


Innate Abilities, Weirdness & Mutations

Shadows flee at your approach. (+LOS)
You can swim through water.
You cover ground slowly.
You can hop short distances.
You are partially covered in slimy green scales. (AC +2)
You have a somewhat thin skeletal structure. (Dex +2, Stealth)
You passively map a small area around you.


Message History

Aiming: Shock (safe; 1% risk of failure)
Press: ? - help, Shift-Dir - straight line The zap hits the water elemental but does no damage.
The water elemental is severely damaged.
The zap hits the water elemental.
The water elemental resists.
The water elemental is severely damaged.
The water elemental barely misses you.
Unknown command.
Unknown command.
Unknown command.
Casting: Shock (safe; 1% risk of failure)
Confirm with . or Enter, or press ? or * to list all spells.
Aiming: Shock (safe; 1% risk of failure)
Press: ? - help, Shift-Dir - straight line The zap misses the water elemental.
The zap hits the water elemental.
The water elemental resists.
The water elemental is severely damaged.
The water elemental hits you!!
Ouch! That really hurt!
You die...

▓<..#...#### ##.#
▓...#......#####..# _ * _
▓..##.......#..#..# ,
▓##.##.##..÷#..#..# #+#+##
##.##.###..##'#..#.......
▓#.####.##..###...'.⌠.....
▓.###..##..####...#...####
▓#.....##÷.###..E.# ⌠.# _
###..##..@##.....# ,.#_
#†.##...E#......#+* #
#..###..##.#.....# #(.
#..#####....#_ _ _+ ▓▓▓
▓▓▓▓ ▓▓▓▓▓▓ ≈ *, ≈ ≈ ** *
, ≈ ≈ ≈ * *


You could see a water elemental.

Vanquished Creatures
  A scorpion (D)
  A human (D)
  An ooze (D)
  3 rats (D)
6 creatures vanquished.

Vanquished Creatures (others)
  2 draconian scorchers (D)
  6 hellions (D)
  A yaktaur (D)
9 creatures vanquished.

Grand Total: 15 creatures vanquished

Notes
Turn   | Place    | Note
-------+----------+-------------------------------------------
     0 | D        | Baz the Barachi Air Elementalist began the quest for the
                  | Orb.
     0 | D        | Reached XP level 1. HP: 13/13 MP: 3/3
    10 | D        | Reached skill level 4 in Air Magic
    17 | D        | Killed a yaktaur
    91 | D        | Reached XP level 2. HP: 19/19 MP: 3/5
    95 | D        | Killed a hellion
    97 | D        | Killed a hellion
    97 | D        | Killed a hellion
    97 | D        | Killed a hellion
    97 | D        | Killed a hellion
    98 | D        | Killed a hellion
   142 | D        | Reached skill level 5 in Air Magic
   142 | D        | Reached XP level 3. HP: 4/24 MP: 2/7
   188 | D        | Killed a white draconian scorcher
   252 | D        | Killed a white draconian scorcher
   391 | D        | Learned a level 3 spell: Static Discharge
   399 | D        | Noticed a scorpion
   405 | D        | Killed a scorpion
   405 | D        | Reached skill level 5 in Conjurations
   405 | D        | Reached skill level 6 in Air Magic
   405 | D        | Reached XP level 4. HP: 30/30 MP: 5/10
   463 | D        | Gained mutation: You are partially covered in slimy green
                  | scales. (AC +2) [potion of mutation]
   463 | D        | Gained mutation: You have a somewhat thin skeletal
                  | structure. (Dex +2, Stealth) [potion of mutation]
   463 | D        | Gained mutation: You passively map a small area around you.
                  | [potion of mutation]
   466 | D        | Noticed a water elemental
   484 | D        | Mangled by a water elemental

Levels and vault maps discovered:
D:        dungeon_sprint_mu [sprint_mu_entry_cave, sprint_mu_temple_rooms,
          sprint_mu_d1_horrors, sprint_mu_d2_genie, sprint_mu_d3_branching,
          sprint_mu_orc_legion, sprint_mu_elf_gauntlet, sprint_mu_hive_nellie,
          sprint_mu_lair_fedhas, sprint_mu_vaults_butterflies,
          sprint_mu_slime_circle, sprint_mu_shoals_kraken,
          sprint_mu_snake_twists, sprint_mu_blade_basic,
          sprint_mu_crypt_fortress, sprint_mu_tomb_spiral,
          sprint_mu_vestibule_basic, sprint_mu_gehenna_hellfire,
          sprint_mu_dis_giant, sprint_mu_tartarus_statrot,
          sprint_mu_cocytus_islands, sprint_mu_zot1]

Skill      XL: |  1  2  3 |
---------------+----------+-----
Conjurations   | 2 4 5 |  5.4
Air Magic      | 4 5 6 |  6.4
Spellcasting   | 3 4 |  4.1
Dodging        | |  2.1
Stealth        | |  1.7

Action                   |  1- 3 |  4- 6 || total
-------------------------+-------+-------++-------
 Cast: Shock             |    16 |    12 ||    28
 Abil: Hop               |       |     1 ||     1
  Use: Potion            |     2 |     3 ||     5
       Scroll            |       |     1 ||     1
Dodge: Dodged            |     6 |     6 ||    12
